 Dungeon Crawl Stone Soup version 0.31.0-32-g396128a36d (webtiles) character file.

Game seed: 8614737588520598753

140392 AdnanSaban the Bludgeoner (level 17, -11/112 HPs)
             Began as a Gargoyle Fighter on Apr 18, 2024.
             Was the Champion of Okawaru.
             Hit by a javelin thrown by a merfolk javelineer (21 damage)
             ... on level 4 of the Shoals.
             The game lasted 00:52:24 (28138 turns).

AdnanSaban the Bludgeoner (Gargoyle Fighter)       Turns: 28138, Time: 00:52:25

Health: -11/112    AC: 47    Str: 26    XL:     17   Next: 30%
Magic:  21/24      EV: 11    Int: 11    God:    Okawaru [******]
Gold:   2256       SH: 28    Dex: 12    Spells: 16/16 levels left

rFire   + . .        N - +5 eveningstar of Autumn {flame, Will+ rCorr Dex+3}
rCold   . . .        W - +2 tower shield
rNeg    + + .        c - +4 plate armour {rN+}
rPois   ∞            A - +0 helmet
rElec   +            T - +0 cloak {rF+}
rCorr   +            x - +1 pair of gloves
SInv    +            k - +0 pair of boots
Will    ++...        K - amulet of reflection Stlth
                     y - +4 ring of protection
HPRegen 0.38/turn    t - ring of see invisible
MPRegen 0.19/turn

%: reflection
@: lit by a corona, heroic, finesse-ful, flying, glowing
A: sickness immunity, AC +12, big wings, negative energy resistance 1,
electricity resistance, torment resistance 1, petrification resistance
a: Renounce Religion, Heroism, Finesse, Duel, Receive Armour


You were on level 4 of the Shoals.
You worshipped Okawaru.
Okawaru was exalted by your worship.
You visited 5 branches of the dungeon, and saw 24 of its levels.
You also visited: Ice Cave and Volcano.

You collected 2256 gold pieces.

Inventory:

Hand Weapons
 D - a +5 flail of freezing
 N - the +5 eveningstar of Autumn (weapon) {flame, Will+ rCorr Dex+3}
   (Okawaru gifted it to you on level 11 of the Dungeon)

   Dex+3:     It affects your dexterity (+3).
   Will+:     It increases your willpower.
   rCorr:     It protects you from acid and corrosion.
Missiles
 a - 2 poisoned darts (quivered)
 m - 9 atropa-tipped darts
 u - 28 boomerangs
 z - 10 javelins
 I - 4 curare-tipped darts
 O - 9 silver javelins
Armour
 c - a +4 plate armour of positive energy (worn)
 k - a +0 pair of boots (worn)
 x - a +1 pair of gloves (worn)
 A - a +0 helmet (worn)
 T - a +0 cloak of fire resistance (worn)
 W - a +2 tower shield (worn)
Jewellery
 t - a ring of see invisible (right hand)
 y - a +4 ring of protection (left hand)
 K - an amulet of reflection (around neck)
 M - a ring of ice
 S - a ring of protection from fire
Wands
 i - a wand of roots (3)
 E - a wand of mindburst (20)
 P - a wand of flame (8)
 V - a wand of polymorph (7)
Scrolls
 b - 7 scrolls of teleportation
 e - 5 scrolls of immolation
 g - 17 scrolls of identify
 h - 6 scrolls of amnesia
 n - 2 scrolls of enchant weapon
 r - 3 scrolls of torment
 w - 4 scrolls of vulnerability
 G - 2 scrolls of noise
 H - a scroll of fear
 Q - a scroll of revelation {unknown}
 R - 4 scrolls of poison {unknown}
Potions
 d - 2 potions of invisibility {unknown}
 f - 7 potions of curing
 j - 14 potions of degeneration
 l - 4 potions of haste {unknown}
 o - 4 potions of magic {unknown}
 p - 5 potions of heal wounds {unknown}
 q - a potion of lignification {unknown}
 s - 4 potions of mutation {unknown}
 v - 3 potions of resistance {unknown}
 C - 4 potions of brilliance {unknown}
 F - 3 potions of attraction
 J - 6 potions of enlightenment {unknown}
 L - a potion of ambrosia {unknown}
 U - a potion of might


   Skills:
 + Level 14.7(19.7) Fighting
 + Level 18.0(23.0) Maces & Flails
 + Level 4.4(9.4) Throwing
 + Level 12.9(17.9) Armour
 + Level 4.8(9.8) Dodging
 + Level 3.1(8.1) Stealth
 + Level 15.6(20.6) Shields
 - Level 10.0 Invocations


You had 16 spell levels left.
You didn't know any spells.
Your spell library contained the following spells:

 Spells                   Type           Power      Damage    Failure   Level
 Apportation              Tloc           0%         N/A       97%         1
 Kiss of Death            Conj/Necr      0%         2d5       97%         1
 Sting                    Conj/Alch      0%         1d3       97%         1
 Jinxbite                 Hex            0%         N/A       99%         2
 Mercury Vapours          Alch/Air       0%         N/A       99%         2
 Confusing Touch          Hex            0%         N/A       100%        3
 Dazzling Flash           Conj/Hex       0%         N/A       100%        3
 Hailstorm                Conj/Ice       0%         3d5       100%        3
 Mephitic Cloud           Conj/Alch/Air  0%         N/A       100%        3
 Ozocubu's Armour         Ice            0%         N/A       100%        3
 Volatile Blastmotes      Fire/Tloc      0%         2d10      100%        3
 Dispel Undead            Necr           0%         3d6       100%        4
 Leda's Liquefaction      Alch/Erth      0%         N/A       100%        4
 Olgreb's Toxic Radiance  Alch           0%         N/A       100%        4
 Passage of Golubria      Tloc           0%         N/A       100%        4
 Petrify                  Alch/Erth      0%         N/A       100%        4
 Alistair's Intoxication  Alch           0%         N/A       100%        5
 Curse of Agony           Necr           0%         N/A       100%        5
 Irradiate                Conj/Alch      0%         3d11      100%        5
 Lee's Rapid Deconstruct  Erth           0%         3d4*      100%        5
 Metabolic Englaciation   Hex/Ice        0%         N/A       100%        5
 Silence                  Hex/Air        0%         N/A       100%        5
 Yara's Violent Unravell  Hex/Alch       0%         3d3       100%        5
 Bombard                  Conj/Erth      0%         9d1       100%        6
 Starburst                Conj/Fire      0%         6d3       100%        6
 Ozocubu's Refrigeration  Ice            0%         4d7       100%        7
 Maxwell's Capacitive Co  Air            0%         ∞         100%        8
 Polar Vortex             Ice            0%         N/A       100%        9
 Summon Small Mammal      Summ           Unusable   N/A       N/A         1
 Sublimation of Blood     Necr           Unusable   N/A       N/A         2
 Call Canine Familiar     Summ           Unusable   N/A       N/A         3
 Summon Ice Beast         Ice/Summ       Unusable   N/A       N/A         3
 Tukima's Dance           Hex            Unusable   N/A       N/A         3
 Summon Blazeheart Golem  Fire/Summ      Unusable   N/A       N/A         4
 Sculpt Simulacrum        Ice/Alch       Unusable   N/A       N/A         6

Dungeon Overview and Level Annotations

Branches:
Dungeon (12/15)            Temple (1/1) D:7            Lair (5/5) D:11
 Shoals (4/4) Lair:2       Spider (0/4) Lair:3        Slime (0/5) Lair:4
    Orc (2/2) D:12            Elf (0/3) Orc:2         IceCv (visited)
Volcano (visited)

Altars:
Ashenzari
Cheibriados
Dithmenos
Elyvilon
Fedhas
Gozag
Hepliaklqana
Kikubaaqudgha
Makhleb
Nemelex Xobeh
Okawaru
Qazlal
Ru
Sif Muna
Trog
Uskayaw
Vehumet
Wu Jian
Xom
Yredelemnul
Zin
The Shining One

Shops:
Orc:1 ![   Orc:2 [!==   Shoals:3 :

Annotations:
D:5 1 runed translucent door, ZingZang1235's ghost, novice FoFi


Innate Abilities, Weirdness & Mutations

You are immune to sickness and miasma.
Your stone body is resilient. (AC +12)
You are immune to poison.
Your large and strong wings let you fly.
You resist negative energy. (rN+)
You are resistant to electric shocks. (rElec)
You are resistant to unholy torment.
You are immune to petrification.


Message History

You block the alligator snapping turtle's attack.
The merfolk javelineer throws a javelin.
The javelin pierces through you but does no damage.
The alligator snapping turtle misses you.
You block the merfolk's attack.
The merfolk hits you from afar with a +0 trident!
* * * LOW HITPOINT WARNING * * *
You block the alligator snapping turtle's attack.
The merfolk javelineer throws a silver javelin.
The silver javelin pierces through you but does no damage.
* * * LOW HITPOINT WARNING * * *
The silver javelin pierces through the alligator snapping turtle!
Unknown command.
The merfolk javelineer attacks as it pursues you!
You block the merfolk javelineer's attack.
The merfolk javelineer throws a javelin.
The javelin pierces through you.
* * * LOW HITPOINT WARNING * * *
The javelin pierces through the alligator snapping turtle but does no damage.
You block the alligator snapping turtle's attack. x2
The merfolk throws a boomerang.
You block the boomerang with an invisible shield... and reflect it back!
The boomerang hits the merfolk.
There is a stone staircase leading up here.
You see here 2 javelins.
You feel better.
You feel your willpower return.
The merfolk javelineer throws a javelin.
The javelin pierces through you but does no damage.
The merfolk javelineer throws a javelin.
The javelin completely misses you.
The javelin pierces through the alligator snapping turtle!
The merfolk javelineer throws a javelin.
The javelin completely misses you.
You block the alligator snapping turtle's attack. x3
The merfolk javelineer throws a javelin.
The javelin pierces through you but does no damage.
The merfolk javelineer throws a javelin.
The javelin pierces through you!!
You die...

~~~~~~~~~~~~~~.........~~
.~~~~~~~~~~~)~~........t#
~ ~~~~~~.........~~
~~≈~~~........~P
≈≈≈≈~~~c.m.m.###
≈≈≈≈~~cmcmm..P~#.
≈≈≈≈≈(mtmmt§...~.
≈≈≈≈≈~m§§§m..PPP.
≈≈≈≈≈≈§§@§§..PP~.
≈≈≈≈≈≈§§§t§.)..~.
≈≈≈≈≈≈§§§§§....~~
≈≈≈≈≈≈≈≈~......~P
≈≈≈≈≈≈~~~~.....~~
≈≈≈≈≈~~~~~~....~~
≈≈≈≈~~~~~~~~~.~~~
PPPP)~~~~~../...
PP~~~~~~~~~~P~~


You could see 3 alligator snapping turtles, 4 merfolk javelineers and a merfolk.

Vanquished Creatures
  Jorgrun (Shoals:1)
  Rupert (Lair:5)
  Donald (Shoals:1)
  A frost giant (IceCv)
  Louise (Shoals:1)
  A formless jellyfish (Shoals:3)
  2 ettins
  Snorg (D:11)
  3 merfolk impalers
  A fire dragon (Volcano)
  Fannar (D:11)
  6 merfolk avatars
  An ice dragon (Lair:3)
  4 catoblepae
  A hydra (Lair:4)
  A centaur warrior (D:12)
  Erica (D:10)
  2 boulder beetles
  5 two-headed ogres
  3 satyrs (Shoals:4)
  An alligator snapping turtle (Shoals:3)
  4 merfolk aquamancers
  18 death yaks
  4 skysharks
  10 sea snakes
  17 harpies
  10 orc knights
  A wolf spider zombie (D:10)
  4 orc sorcerers
  An ugly thing (D:12)
  8 fauns
  3 salamanders (Volcano)
  19 manticores
  3 cyclopes
  14 elephants
  A meliai (Lair:3)
  2 black mambas
  6 merfolk sirens
  3 kobold blastminers
  A gargoyle (D:11)
  4 water nymphs
  4 centaur zombies (D:10)
  9 cane toads
  A centaur skeleton (D:10)
  2 ice statues
  2 kobold demonologists (D:12)
  8 rime drakes
  10 komodo dragons
  3 ice devils
  5 trolls
  15 merfolk
  9 polar bears
  3 wind drakes
  2 hellwings
  9 saltlings (Orc:2)
  A harpy skeleton (D:10)
  15 dream sheep
  8 snapping turtles
  17 blink frogs
  4 slime creatures (D:12)
  A centaur simulacrum (D:11)
  A shadow (D:10)
  9 water elementals
  A vampire (D:10)
  7 wyverns
  73 yaks
  Eustachio (D:5)
  A wraith (D:10)
  2 wargs
  4 basilisks
  7 fire bats (Volcano)
  6 steam dragons
  6 vampire mosquitoes
  Edmund (D:5)
  A harpy simulacrum (Lair:4)
  2 hell hounds (Lair:4)
  19 water moccasins
  3 black bears
  A swamp drake (D:12)
  16 orc warriors
  3 ice beasts
  2 sky beasts (D:8)
  6 ogres
  33 wolves
  A phantom (D:6)
  2 centaurs
  A kobold brigand (D:8)
  10 bullfrogs
  2 gnoll sergeants
  Blork the orc (D:4)
  An entropy weaver simulacrum (Lair:4)
  A cane toad simulacrum (Lair:4)
  4 scorpions
  A burial acolyte (D:6)
  16 wights
  16 killer bees
  4 howler monkeys
  2 electric eels (D:11)
  A lava snake (D:9)
  3 hounds
  3 jellies
  2 bombardier beetles
  A gnoll bouda (D:9)
  18 orc priests
  4 iguanas
  30 orc wizards
  A howler monkey zombie (D:10)
  9 gnolls
  5 adders
  5 shadow imps
  7 white imps
  2 adder zombies (D:6)
  A dart slug (D:4)
  6 ribbon worms
  73 orcs
  2 bats
  8 endoplasms
  A giant cockroach (D:4)
  12 goblins
  10 hobgoblins
  4 jackals (D:2)
  5 kobolds
  7 quokkas
  5 ball pythons
  4 frilled lizards
  7 rats
803 creatures vanquished.

Vanquished Creatures (others)
  A faun (Shoals:4)
  2 manticores (Shoals:4)
  An orc (D:9)
4 creatures vanquished.

Grand Total: 807 creatures vanquished

Notes
Turn   | Place    | Note
-------+----------+-------------------------------------------
     0 | D:1      | AdnanSaban the Gargoyle Fighter began the quest for the
                  | Orb.
     0 | D:1      | Reached XP level 1. HP: 14/14 MP: 1/1
   135 | D:1      | Reached XP level 2. HP: 17/19 MP: 2/2
   518 | D:2      | Found a shimmering blue altar of Sif Muna.
   664 | D:2      | Reached XP level 3. HP: 22/23 MP: 3/3
   911 | D:2      | Reached skill level 3 in Maces & Flails
   911 | D:2      | Reached XP level 4. HP: 6/29 MP: 4/4
  1561 | D:3      | Found a blossoming altar of Fedhas.
  1650 | D:3      | Found a shadowy altar of Dithmenos.
  1719 | D:3      | Reached XP level 5. HP: 20/33 MP: 5/5
  1825 | D:3      | Found a radiant altar of Vehumet.
  2124 | D:4      | Noticed Blork the orc
  2132 | D:4      | Killed Blork the orc
  2133 | D:4      | Reached skill level 4 in Maces & Flails
  2181 | D:4      | Reached XP level 6. HP: 33/38 MP: 6/6
  2811 | D:4      | Reached skill level 5 in Maces & Flails
  2917 | D:4      | Reached XP level 7. HP: 39/44 MP: 7/7
  3012 | D:4      | Reached skill level 1 in Dodging
  3376 | D:5      | Entered Level 5 of the Dungeon
  3404 | D:5      | Noticed Eustachio
  3488 | D:5      | Killed Eustachio
  3489 | D:5      | Reached skill level 5 in Armour
  3612 | D:5      | Noticed Edmund
  3693 | D:5      | Found a runed translucent door.
  3697 | D:5      | Noticed ZingZang1235's ghost (novice FoFi)
  3794 | D:5      | Killed Edmund
  3795 | D:5      | Reached skill level 1 in Throwing
  4005 | D:5      | Reached skill level 6 in Maces & Flails
  4108 | D:5      | Found a sacrificial altar of Ru.
  4165 | D:5      | Reached XP level 8. HP: 48/48 MP: 8/8
  4380 | D:5      | Reached skill level 5 in Shields
  4615 | D:6      | Found a broken altar of Ashenzari.
  4646 | D:6      | Reached skill level 5 in Fighting
  4657 | D:6      | Reached skill level 7 in Maces & Flails
  4852 | D:6      | Found an ancient bone altar of Kikubaaqudgha.
  5187 | D:6      | Found a glowing golden altar of the Shining One.
  5593 | D:6      | Reached XP level 9. HP: 35/54 MP: 9/9
  5757 | D:6      | Reached skill level 8 in Maces & Flails
  6199 | D:7      | Found a staircase to the Ecumenical Temple.
  6209 | Temple   | Entered the Ecumenical Temple
  6219 | Temple   | Became a worshipper of Warmaster Okawaru
  6808 | D:8      | Reached skill level 9 in Maces & Flails
  6816 | D:8      | Reached * piety under Okawaru
  6992 | D:8      | Reached XP level 10. HP: 56/60 MP: 10/10
  7347 | D:8      | Reached skill level 10 in Maces & Flails
  7412 | D:8      | Found an ornate altar of the Wu Jian Council.
  7413 | D:8      | Found a snail-covered altar of Cheibriados.
  7460 | D:8      | Reached ** piety under Okawaru
  7555 | D:8      | Found a glowing silver altar of Zin.
  7556 | D:8      | Found a burning altar of Makhleb.
  7557 | D:8      | Noticed a green death
  7558 | D:8      | Noticed an angel
  8313 | D:9      | Reached skill level 1 in Stealth
  8501 | D:9      | Reached *** piety under Okawaru
  8663 | D:10     | Entered Level 10 of the Dungeon
  8687 | D:10     | Reached skill level 11 in Maces & Flails
  8694 | D:10     | Reached **** piety under Okawaru
  8963 | D:10     | Reached XP level 11. HP: 67/67 MP: 11/11
  8974 | D:10     | Found a shimmering blue altar of Sif Muna.
  9261 | D:10     | Reached skill level 1 in Invocations
  9313 | D:10     | Reached skill level 12 in Maces & Flails
  9326 | D:10     | Reached ***** piety under Okawaru
  9330 | D:10     | Noticed Erica
  9468 | D:10     | Killed Erica
 10224 | D:11     | Noticed a cyclops
 10234 | D:11     | Killed a cyclops
 10267 | D:11     | Noticed a two-headed ogre
 10402 | D:11     | Received a gift from Okawaru
 10434 | D:11     | Reached XP level 12. HP: 74/75 MP: 14/14
 10496 | D:11     | Found a staircase to the Lair.
 10515 | D:11     | Killed a two-headed ogre
 10579 | D:11     | Noticed a death yak
 10604 | D:11     | Killed a death yak
 10605 | D:11     | Reached skill level 13 in Maces & Flails
 10750 | D:11     | Noticed a boulder beetle
 10776 | D:11     | Killed a boulder beetle
 10797 | D:11     | Noticed Fannar
 11017 | D:11     | Noticed Snorg
 11103 | D:10     | Reached skill level 5 in Invocations
 11514 | D:11     | Killed Fannar
 11660 | Lair:1   | Entered Level 1 of the Lair of Beasts
 11705 | Lair:1   | Reached ****** piety under Okawaru
 11777 | D:11     | Acquired the +5 eveningstar of Autumn {flame, Will+ rCorr
                  | Dex+3}
 11777 | D:11     | Received a gift from Okawaru
 11857 | Lair:1   | Reached skill level 10 in Armour
 12104 | Lair:1   | Received a gift from Okawaru
 12196 | Lair:1   | Found a frozen archway.
 12217 | IceCv    | Entered an ice cave
 12446 | IceCv    | Noticed a death yak
 12447 | IceCv    | Noticed a death yak
 12451 | IceCv    | Reached skill level 14 in Maces & Flails
 12454 | IceCv    | Reached XP level 13. HP: 81/81 MP: 16/16
 12481 | IceCv    | Received a gift from Okawaru
 12744 | IceCv    | Reached skill level 10 in Fighting
 13200 | IceCv    | Noticed a frost giant
 13235 | IceCv    | Killed a frost giant
 13527 | IceCv    | Reached skill level 15 in Maces & Flails
 14440 | Lair:2   | Received a gift from Okawaru
 14948 | Lair:2   | Found a staircase to the Shoals.
 15435 | Lair:3   | Reached skill level 10 in Shields
 15676 | Lair:3   | Gained mutation: Your large and strong wings let you fly.
                  | [Gargoyle growth]
 15676 | Lair:3   | Reached XP level 14. HP: 87/90 MP: 17/17
 15732 | Lair:3   | Found a hole to the Spider Nest.
 15782 | Lair:3   | Received a gift from Okawaru
 16351 | Lair:3   | Reached skill level 16 in Maces & Flails
 16554 | Lair:4   | Received a gift from Okawaru
 16679 | Lair:4   | Found a staircase to the Slime Pits.
 16811 | Lair:4   | Found a dark tunnel.
 16826 | Volcano  | Entered a volcano
 17028 | Volcano  | Received a gift from Okawaru
 17352 | Volcano  | Identified the +0 hat "Riont" {Rampage rElec rCorr MP+9}
 18818 | Lair:5   | Entered Level 5 of the Lair of Beasts
 18842 | Lair:5   | Reached XP level 15. HP: 80/97 MP: 20/20
 18844 | Lair:5   | Received a gift from Okawaru
 19743 | Lair:5   | Noticed Rupert
 19766 | Lair:5   | Killed Rupert
 19766 | Lair:5   | Received a gift from Okawaru
 20333 | D:12     | Identified the +10 broad axe "Tetirrapho" {spect, SInv}
 20458 | D:12     | Found a staircase to the Orcish Mines.
 21355 | Orc:1    | Entered Level 1 of the Orcish Mines
 21603 | Orc:1    | Found Qudwah's Distillery.
 21616 | Orc:1    | Reached skill level 17 in Maces & Flails
 21621 | Orc:1    | Received a gift from Okawaru
 22023 | Orc:1    | Found Yweg's Antique Armour Emporium.
 22184 | Orc:2    | Entered Level 2 of the Orcish Mines
 22313 | Orc:2    | Found a staircase to the Elven Halls.
 22899 | Orc:2    | Found Xyxkaxam's Jewellery Boutique.
 23092 | Orc:1    | Received a gift from Okawaru
 23185 | Orc:2    | Reached XP level 16. HP: 101/104 MP: 21/23
 23327 | Orc:2    | Found Sapros's Distillery.
 23329 | Orc:2    | Found Affacwef's Jewellery Shoppe.
 23358 | Orc:2    | Found Fiemuid's Armour Shoppe.
 23616 | D:11     | Killed Snorg
 23738 | Shoals:1 | Entered Level 1 of the Shoals
 23937 | Shoals:1 | Noticed Donald
 23952 | Shoals:1 | Killed Donald
 23990 | Shoals:1 | Noticed Jorgrun
 24007 | Shoals:1 | Reached skill level 10 in Invocations
 24014 | Shoals:1 | Killed Jorgrun
 24014 | Shoals:1 | Received a gift from Okawaru
 24038 | Shoals:1 | Noticed Louise
 24058 | Shoals:1 | Killed Louise
 24752 | Shoals:1 | Identified the +10 falchion of Delicate Watchfulness
                  | {protect, Will+}
 25771 | Shoals:2 | Identified the +7 scimitar of Eternal Night {freeze, rElec
                  | rF- Int+8}
 26030 | Shoals:3 | Received a gift from Okawaru
 26799 | Shoals:3 | Found Wadauxiy's Book Shop.
 27058 | Shoals:3 | Reached XP level 17. HP: 112/112 MP: 24/24
 27398 | Shoals:4 | Entered Level 4 of the Shoals
 27416 | Shoals:4 | Received a gift from Okawaru
 27417 | Shoals:4 | Reached skill level 18 in Maces & Flails
 27425 | Shoals:4 | Reached skill level 15 in Shields
 28129 | Shoals:4 | HP: 4/112 [merfolk javelineer/silver javelin (10)]
 28136 | Shoals:4 | HP: 3/112 [merfolk javelineer/javelin (3)]
 28138 | Shoals:4 | Hit by a javelin thrown by a merfolk javelineer

Illustrated notes

Levels and vault maps discovered:
D:1:      minmay_arrival_hallway, layout_rooms
D:2:      layout_loops_ring, basic_altar
D:3:      layout_basic, mainiacjoe_overflow_boulevard,
          mainiacjoe_overflow_brackets, grunt_dithmenos_smoke_and_mirrors
D:4:      layout_basic, kennysheep_boxes, uniq_blork_the_orc
D:5:      layout_basic, nicolae_ru_the_path_less_chosen, gammafunk_ghost_grave,
          uniq_eustachio, uniq_edmund
D:6:      layout_loops_corners, lemuel_zombie_altar_kikubaaqudgha,
          mainiacjoe_overflow_tiny_flanked, mainiacjoe_overflow_cross_hatched,
          hangedman_decor_slide_cut
D:7:      layout_rooms, minmay_temple_entry_overgrown, serial_corexii_hall,
          corexii_hall_statues_i, corexii_hall_statues_i
D:8:      layout_basic, grunt_temple_overflow_order_and_chaos_2,
          gammafunk_temple_overflow_statue, grunt_ministairs_4
D:9:      layout_irregular_city, amcnicky_mini_pool_medium
D:10:     cheibrodos_grave_circle, layout_rooms, nicolae_sif_muna_condensation,
          serial_undead, serial_undead_e, serial_undead_c, serial_undead_e,
          serial_undead_e, uniq_erica
D:11:     layout_roguey, due_lair_maze_entry_diamond, serial_ice, serial_ice_o,
          serial_ice_k, serial_ice_a, serial_ice_m, nzn_sisyphean_effort,
          uniq_fannar, uniq_snorg
D:12:     layout_basic, erik_orc_1, corner_web_ring, amethyst_killhole
Temple:   hellmonk_temple_rainy
Lair:1:   layout_hall_layers, portal_ice_cave_demonic_guard, grunt_megastairs_4,
          serial_bayou_shore_b
Lair:2:   layout_roguey, minmay_shoals_entry_beasts, serial_bayou_shore_a
Lair:3:   layout_roguey, hellmonk_spider_entry_not_the_bees, grunt_megastairs_2
Lair:4:   dreamdust_isle_of_ice, layout_misc_corridors, slime_entry_2,
          enter_volcano_3, minivault_11
Lair:5:   evilmike_catoblepas_cave, layout_hall_layers, minmay_hedge_maze,
          uniq_rupert
Shoals:1: layout_shoals, uniq_donald, uniq_louise, uniq_jorgrun
Shoals:2: layout_shoals, nicolae_shoals_lost_giant_amphitheater
Shoals:3: layout_shoals, serial_shops, shop,
          nicolae_shoals_siren_and_animal_friends
Shoals:4: shoals_end_grunt_garden, layout_shoals, abandoned_shop,
          nicolae_shoals_the_drawing_of_the_three
Orc:1:    layout_diamond_mine, serial_shops, shop, guppyfry_orc_lava_fort
Orc:2:    hellmonk_orc_salted, layout_caves

Skill      XL: |  1  2  3  4  5  6  7  8  9 10 11 12 13 14 15 16 17 |
---------------+----------------------------------------------------+-----
Maces & Flails | 3 4 5 6 7 9 11 12 14 15 16 17 18 | 18.0
Shields        | 4 5 6 7 9 10 11 12 14 15 | 15.6
Armour         | 4 5 6 7 8 9 10 11 12 | 12.9
Fighting       | 4 5 6 7 8 9 11 12 13 14 | 14.7
Dodging        | 1 2 3 4 |  4.8
Throwing       | 1 2 3 4 |  4.4
Stealth        | 1 2 3 |  3.1
Invocations    | 3 5 7 9 10 | 10.0

Action                     |  1- 3 |  4- 6 |  7- 9 | 10-12 | 13-15 | 16-18 || total
---------------------------+-------+-------+-------+-------+-------+-------++-------
  Melee: Flail             |   128 |   174 |   366 |   719 |       |       ||  1387
         Eveningstar       |       |       |       |    87 |  1282 |   539 ||  1908
  Throw: Dart              |       |     7 |     8 |    22 |    15 |    25 ||    77
         Boomerang         |       |       |       |       |    37 |       ||    37
 Invoke: Heroism           |       |       |       |     2 |     5 |     6 ||    13
         Receive Weapon    |       |       |       |     1 |       |       ||     1
         Finesse           |       |       |       |       |     1 |     2 ||     3
    Use: Scroll            |       |       |       |     9 |       |     1 ||    10
         Potion            |       |       |       |       |       |     9 ||     9
   Stab: Petrified         |       |       |       |       |     4 |       ||     4
 Armour: Scale mail        |    91 |   135 |    67 |       |       |       ||   293
         Chain mail        |       |       |   223 |   730 |    86 |       ||  1039
         Plate armour      |       |       |       |       |   664 |   407 ||  1071
  Dodge: Dodged            |    49 |    88 |   163 |   366 |   311 |   107 ||  1084
  Block: Buckler           |    29 |    51 |    58 |   319 |   476 |       ||   933
         Reflection        |       |       |       |     6 |    37 |    84 ||   127
         Tower shield      |       |       |       |       |   259 |   838 ||  1097
